 Dungeon Crawl Stone Soup version 0.15-a0-861-g2f358d9 (webtiles) character file.

80 PolkaDot the Sneak (level 4, 0/33 HPs)
             Began as a Vampire Assassin on May 16, 2014.
             Slain by an orc
             ... wielding a +2,+1 short sword
              (1 damage)
             ... on Level 3 of the Dungeon.
             The game lasted 00:12:16 (2187 turns).

PolkaDot the Sneak (Vampire Assassin)               Turns: 2187, Time: 00:12:17

HP   0/33        AC  5     Str 10      XL: 4   Next: 18%
MP   4/4         EV 12     Int 13      God:
Gold 95          SH  0     Dex 16      Spells:  0 memorised,  3 levels left

rFire  . . .     SeeInvis +     a - +2 dagger
rCold  . . .     Clarity  .     c - +0 robe
rNeg   + . .     Conserve .     (no shield)
rPois  .         rCorr    .     (no helmet)
rElec  .         rRot     .     d - +0 cloak
SustAb .         Spirit   .     n - +1 pair of gloves
rMut   .         Warding  .     (no boots)
Gourm  .         Stasis   .     (no amulet)
MR     +....                    (no ring)
                                i - ring of protection from magic

@: slowed, very slow, somewhat resistant to hostile enchantments, stealthy
A: fangs 3, see invisible, unbreathing
a: Bat Form


You were on level 3 of the Dungeon.
You were not thirsty.

You visited 1 branch of the dungeon, and saw 3 of its levels.

You collected 95 gold pieces.

Inventory:

Hand weapons
 a - a +2,+2 dagger (weapon)
 b - a +0 blowgun
Missiles
 e - 26 poisoned needles
 f - 2 curare-tipped needles
Armour
 c - a +0 robe (worn)
 d - a +0 cloak (worn)
 n - a +1 pair of gloves (worn)
Scrolls
 h - a scroll of fog {unknown}
 j - a scroll of immolation {unknown}
 l - a scroll of teleportation {unknown}
Jewellery
 i - a ring of protection from magic (left hand)
Potions
 g - 2 potions of restore abilities
 k - a potion of mutation {unknown}


   Skills:
 - Level 1.7 Fighting
 - Level 4.0 Short Blades
 - Level 1.5 Throwing
 - Level 1.1 Dodging
 + Level 7.2 Stealth


You had 3 spell levels left.
You didn't know any spells.

Dungeon Overview and Level Annotations

Branches:
Dungeon (3/15)

Altars:
Ashenzari
Fedhas
Sif Muna

Annotations:
D:3 1 exclusion


Innate Abilities, Weirdness & Mutations

You have razor-sharp teeth.*
You have supernaturally acute eyesight.
You can survive without breathing.*


Message History

The orc hits you with a quarterstaff.
* * * LOW HITPOINT WARNING * * *
You closely miss the orc wizard.
The orc wizard is severely wounded.
The orc wizard hits you but does no damage.
You closely miss the orc wizard.
The orc wizard is severely wounded.
The orc hits you with a quarterstaff.
* * * LOW HITPOINT WARNING * * *
The orc wizard casts a spell.
The orc wizard blinks!
You hit the orc but do no damage. You bite the orc, but do no damage.
The orc hits you but does no damage.
You hit the orc.
You kill the orc!
The orc hits you but does no damage.
You closely miss the orc.
The orc wizard gestures at you while chanting.
You feel yourself slow down. The orc hits you with a short sword.
You die...

###.####....####.............####
#.# #....# #.............+..#
##.####....####......#......##.#
#..........##...............'..#
#.......#####...............#...
#.......#.......#..#..<.....#...
#.......#......o#.##....#+###...
#...............)....... ......
#.......#######@#..##..# ######
######### #..o)#..# #....# .#
#....# .# #..... # #.#'## #.#.
#<#. .


You could see an orc wizard and an orc.

Vanquished Creatures
  2 adders (D:3)
  A worm (D:3)
  2 giant geckos
  4 orcs (D:3)
  3 giant cockroaches
  4 goblins
  6 hobgoblins
  10 kobolds
  4 quokkas
  5 bats
  A giant newt (D:3)
  4 jackals (D:3)
  5 rats
51 creatures vanquished.

Notes
Turn   | Place    | Note
--------------------------------------------------------------
     0 | D:1      | PolkaDot, the Vampire Assassin, began the quest for the Orb.
     0 | D:1      | Reached XP level 1. HP: 16/16 MP: 1/1
   248 | D:1      | Reached skill level 6 in Stealth
   420 | D:1      | Reached XP level 2. HP: 17/22 MP: 2/2
  1104 | D:2      | Reached XP level 3. HP: 27/27 MP: 3/3
  1148 | D:3      | Paralysed by a potion of paralysis for 4 turns
  1914 | D:3      | Reached XP level 4. HP: 33/33 MP: 4/4
  1923 | D:3      | Found a deep blue altar of Sif Muna.
  1955 | D:3      | Reached skill level 7 in Stealth
  2057 | D:3      | Found a blossoming altar of Fedhas.
  2058 | D:3      | Found a shattered altar of Ashenzari.
  2184 | D:3      | HP: 1/33 [orc/quarterstaff (3)]
  2187 | D:3      | Slain by an orc

Action                   |  1- 3 |  4- 6 || total
-------------------------+-------+-------++-------
Melee: Dagger            |   146 |    32 ||   178
 Fire: Blowgun           |     7 |       ||     7
  Use: Potion            |     4 |       ||     4
       Scroll            |     5 |       ||     5
 Stab: Sleeping          |     8 |       ||     8
       Distracted        |     1 |       ||     1
